 Dungeon Crawl Stone Soup version 0.31.0-11-ge490571c62 (webtiles) character file.

Game seed: 13100149627388254003

14 Killerpretzel the Changeling (level 2, -1/18 HPs)
             Began as an Octopode Shapeshifter on Feb 8, 2024.
             Slain by an endoplasm (2 damage)
             ... on level 2 of the Dungeon.
             The game lasted 00:01:48 (746 turns).

Killerpretzel the Changeling (Octopode Shapeshifter) Turns: 746, Time: 00:01:49

Health: -1/18      AC:  1    Str: 13    XL:     2   Next: 41%
Magic:  2/2        EV:  7    Int: 12    God:
Gold:   61         SH:  0    Dex: 11    Spells: 1/1 levels left

rFire   . . .        f - +1 dagger (venom)
rCold   . . .        (no shield)
rNeg    . . .        (helmet currently unavailable)
rPois   .            (no amulet)
rElec   .            (no ring)
rCorr   .            (no ring)
SInv    .            (no ring)
Will    .....        (no ring)
Stlth   ++           (no ring)
HPRegen 0.23/turn    (no ring)
MPRegen 0.08/turn    (no ring)
                     (no ring)

%: no passive effects
@: beast-form, held
A: beast (slay +1), almost no armour, amphibious, 8 rings, camouflage 1,
gelatinous body 1, (nimble swimmer 1), tentacles
a: Begin Untransformation


You were on level 2 of the Dungeon.
You were a hulking beast.
You visited 1 branch of the dungeon, and saw 2 of its levels.

You collected 61 gold pieces.

Inventory:

Hand Weapons
 f - a +1 dagger of venom (weapon)
Talismans
 b - a beast talisman
 c - a flux talisman
Scrolls
 d - a scroll of torment {unknown}
 e - 3 scrolls of teleportation {unknown}
 g - a scroll of identify {unknown}
Potions
 a - a potion of lignification


   Skills:
 + Level 1.3 Fighting
 + Level 2.2 Dodging
 + Level 3.1 Unarmed Combat
 * Level 3.2 Shapeshifting


You had one spell level left.
You didn't know any spells.
Your spell library was empty.

Dungeon Overview and Level Annotations

Branches:
Dungeon (2/15)

Altars:


Innate Abilities, Weirdness & Mutations

You are a hulking beast.
Your limbs bulge with bestial killing power. (Slay +1)
You cannot wear most types of armour.
You are amphibious.
You can wear up to eight rings at the same time.
Your skin changes colour to match your surroundings (Stealth+).
Your rubbery body absorbs attacks. (AC +1, EV +1)
((You are camouflaged when in or above water. (Stealth+)))
You have tentacles for arms and can constrict up to eight enemies at once.


Message History

No target in view!
You open the door.
There is an open door here.
You now have 61 gold pieces (gained 9).
As you open the large door, it creaks loudly!
An endoplasm, a ribbon worm and a bat come into view.
The endoplasm quivers.
The bat barely misses you.
There is a large open door here.
There are monsters nearby!
You miss the bat. You grab the bat. You constrict the bat.
The bat hits you but does no damage.
The bat struggles to escape constriction.
The bat escapes!
There are monsters nearby!
You hit the ribbon worm.
The ribbon worm is poisoned.
You grab the ribbon worm.
The ribbon worm is lightly wounded.
You constrict the ribbon worm. The bat hits you. The ribbon worm bites you.
There are monsters nearby!
You hit the ribbon worm.
The ribbon worm looks as sick as possible!
The ribbon worm is lightly wounded.
You constrict the ribbon worm, but do no damage.
The bat closely misses you. The ribbon worm bites you. The bat hits you.
The endoplasm freezes you.
You are frozen.
* * * LOW HITPOINT WARNING * * *
There are monsters nearby!
You release your grip on the ribbon worm.
The bat hits you.
* * * LOW HITPOINT WARNING * * *
A goblin comes into view. It is wielding a +0 club.
The endoplasm attacks as it pursues you!
The endoplasm completely misses you.
The ribbon worm expels a string of sticky webbing.
The stream of webbing hits you but does no damage.
You are caught in a web!
The endoplasm attacks as it pursues you!
The endoplasm hits you.
You die...

#..## .?... .... # #
#..# # .. #≈##..##≈#
#. #≈≈≈.w≈≈≈#
#.g####b'####.#
#.....J......#
#....h.......#
#####.######## #.#
#.# #.# #.#
#######.#########..##
#...............[...
#.######.###.##....#


You could see a ribbon worm (extremely poisoned, catching breath), an endoplasm,
a goblin and a bat.

Vanquished Creatures
  A dart slug (D:1)
  A bat (D:1)
  4 goblins (D:1)
  A quokka (D:1)
  2 frilled lizards (D:1)
  2 kobolds (D:1)
11 creatures vanquished.

Notes
Turn   | Place    | Note
-------+----------+-------------------------------------------
     0 | D:1      | Killerpretzel the Octopode Shapeshifter began the quest for
                  | the Orb.
     0 | D:1      | Reached XP level 1. HP: 13/13 MP: 1/1
   157 | D:1      | Reached XP level 2. HP: 15/18 MP: 2/2
   746 | D:2      | Slain by an endoplasm

Illustrated notes

Levels and vault maps discovered:
D:1:      onia_arrival_pentagram, layout_loops_ring, fountainhead,
          minmay_misc_feat_tiny
D:2:      layout_basic, basic_altar, kennysheep_generic_room_5

Action                     || total
---------------------------++-------
  Melee: Unarmed           ||    20
         Constrict         ||     7
         Tentacles         ||     3
         Dagger            ||     3
   Stab: Sleeping          ||     3
 Armour: Skin              ||    11
  Dodge: Dodged            ||    13
